 Dungeon Crawl Stone Soup version 0.29.1-12-g30fa7ad0bf (webtiles) character file.

Game seed: 3375088844256424767

46 MisterFreud the Twirler (level 3, 0/27 HPs)
             Began as a Formicid Gladiator on Jan 6, 2023.
             Slain by an orc wizard
             ... wielding a +0 dagger
              (4 damage)
             ... on level 4 of the Dungeon.
             The game lasted 00:01:47 (2899 turns).

MisterFreud the Twirler (Formicid Gladiator)        Turns: 2899, Time: 00:01:48

Health: 0/27       AC:  7    Str: 20    XL:     3   Next: 95%
Magic:  3/3        EV: 10    Int:  7    God:
Gold:   163        SH:  0    Dex: 15    Spells: 2/2 levels left

rFire   . . .      SeeInvis +   a - +0 quarterstaff
rCold   . . .      Faith    .   (no shield)
rNeg    . . .      Spirit   .   j - +0 scale mail
rPois   .          Reflect  .   (helmet unavailable)
rElec   .          Harm     .   (no cloak)
rCorr   .          Rampage  .   e - +0 pair of gloves
Will    .....                   (no boots)
Stlth   ..........              (no amulet)
HPRegen 0.09/turn               (no ring)
MPRegen 0.08/turn               (no ring)

@: no status effects
A: permanent stasis, dig shafts and tunnels, antennae 3, four strong arms
a: Dig, Shaft Self


You were on level 4 of the Dungeon.
You visited 1 branch of the dungeon, and saw 4 of its levels.

You collected 163 gold pieces.

Inventory:

Hand Weapons
 a - a +0 quarterstaff (weapon)
Missiles
 c - 3 throwing nets (quivered)
 d - a javelin
 h - 15 poisoned darts
Armour
 b - a +0 leather armour
 e - a +0 pair of gloves (worn)
 j - a +0 scale mail (worn)
Jewellery
 k - an amulet of regeneration
Scrolls
 i - 2 scrolls of identify
Potions
 f - a potion of might
 m - a potion of attraction


   Skills:
 - Level 2.1 Fighting
 + Level 4.5 Staves
 - Level 2.0 Throwing
 - Level 2.6 Dodging


You had 2 spell levels left.
You didn't know any spells.
Your spell library was empty.

Dungeon Overview and Level Annotations

Branches:
Dungeon (4/15)
 Temple: D:4-7

Altars:
Hepliaklqana


Innate Abilities, Weirdness & Mutations

You cannot be hasted, slowed, berserked, paralysed or teleported.
You can dig through walls and to a lower floor.
You have a pair of large antennae on your head. (SInv)
Your four strong arms can wield two-handed weapons with a shield.


Message History

You hit the kobold but do no damage. The kobold closely misses you.
You hit the kobold.
You kill the kobold!
h - 15 poisoned darts (gained 5)
Things that are here:
a +0 short sword; a kobold corpse No target in view!
Found an escape hatch in the ceiling.
No target in view!
Found a stone staircase leading down.
No target in view!
An orc wizard comes into view. It is wielding a +0 dagger.
The orc wizard shouts!
You hear a shout!
You hit the orc wizard but do no damage.
The orc wizard hits you but does no damage.
You closely miss the orc wizard. The orc wizard casts a spell at you.
The puff of flame hits you.
An orc priest comes into view. It is wielding a +0 hand axe.
The orc priest shouts!
You sock the orc wizard!
The orc wizard is almost dead.
You hear a bark!
You hear a shout!
You hear a bark!
The orc wizard barely misses you.
You barely miss the orc wizard.
The orc wizard is almost dead.
An orc comes into view.
It is wielding a +2 short sword of draining.
The orc wizard points at you and mumbles some strange words.
The puff of flame hits you!
The orc priest invokes the aid of Beogh against you.
Beogh smites you!
* * * LOW HITPOINT WARNING * * *
You hear a shout!
It was a potion of haste.
Your stasis prevents you from being hasted.
You hear a shout!
You hear a bark!
You hear a shout!
The orc wizard barely misses you.
Are you sure you want to shaft yourself?
The orc wizard hits you with a +0 dagger.
You die...

{ { ## .### ...#
o..# # ##...## # ###
#oo...## # ##.####
#@.....# #
##.....#####....<>#
#...##.......[....#
##.#######..###...##
###.## ##.# ####
##..## #.# ...## #.#
...# #.# #..# #.#


You could see an orc priest, an orc wizard and an orc.

Vanquished Creatures
  An adder (D:2)
  3 orcs (D:3)
  5 ball pythons
  5 bats
  2 endoplasms
  A giant cockroach (D:1)
  A goblin (D:2)
  3 hobgoblins
  2 jackals (D:3)
  2 frilled lizards (D:3)
  3 kobolds
  4 rats
32 creatures vanquished.

Notes
Turn   | Place    | Note
-------+----------+-------------------------------------------
     0 | D:1      | MisterFreud the Formicid Gladiator began the quest for the
                  | Orb.
     0 | D:1      | Reached XP level 1. HP: 16/16 MP: 1/1
   527 | D:1      | Reached XP level 2. HP: 22/22 MP: 2/2
   602 | D:1      | Found a faded altar of an unknown god.
  1430 | D:2      | Found a hazy altar of Hepliaklqana.
  1600 | D:2      | Reached skill level 4 in Staves
  1600 | D:2      | Reached XP level 3. HP: 27/27 MP: 3/3
  1688 | D:2      | Identified the +1 hat "Amozaruno" {+Blink rElec Stlth-}
  2689 | D:3      | You fall into a shaft and drop 1 floor!
  2899 | D:4      | Slain by an orc wizard

Illustrated notes

Levels and vault maps discovered:
D:1:      mrwooster_arrival_statue_2, layout_loops_corners,
          shapermc_ecumenical_altar_ellora
D:2:      layout_basic, basic_altar
D:3:      layout_loops_corners, vehumet_statue, gammafunk_temple_overflow_pools,
          minmay_cut_off
D:4:      layout_layer_cave, cheibrodos_gnoll_hut, uniq_menkaure, uniq_edmund,
          uniq_ijyb

Skill      XL: |  1  2 |
---------------+-------+-----
Staves         | 4 |  4.5
Fighting       | |  2.1
Throwing       | |  2.0
Dodging        | |  2.6

Action                   || total
-------------------------++-------
Melee: Quarterstaff      ||   105
       Punch             ||     1
 Abil: Shaft Self        ||     2
  Use: Scroll            ||     8
       Potion            ||     1
 Stab: Sleeping          ||     1
Armor: Leather armour    ||    14
       Scale mail        ||    28
Dodge: Dodged            ||    65
